 Dungeon Crawl Stone Soup version 0.19.0 (webtiles) character file.

78 dohliylev the Sneak (level 4, -1/30 HPs)
             Began as a Vampire Enchanter on Nov 1, 2016.
             Slain by an orc
             ... wielding a +0 club
              (3 damage)
             ... on level 2 of the Dungeon.
             The game lasted 00:07:07 (2302 turns).

dohliylev the Sneak (Vampire Enchanter)             Turns: 2302, Time: 00:07:08

Health: -1/30      AC:  4    Str:  7    XL:     4   Next: 15%
Magic:  1/7        EV: 13    Int: 17    God:
Gold:   178        SH:  0    Dex: 15    Spells: 2 memorised, 4 levels left

rFire  . . .     SeeInvis +     a - +1 dagger
rCold  + + .     Gourm    .     b - +1 robe
rNeg   + + +     Faith    .     (no shield)
rPois  ∞         Spirit   .     (no helmet)
rElec  .         Reflect  .     (no cloak)
rCorr  .         Harm     .     (no gloves)
MR     .....                    h - +0 pair of boots
Stlth  +++++.....               (no amulet)
                                (no ring)
                                (no ring)

@: bloodless, non-regenerating
A: fangs 3, see invisible, unbreathing
a: Bat Form


You were on level 2 of the Dungeon.
You were bloodless.

You visited 1 branch of the dungeon, and saw 3 of its levels.

You collected 178 gold pieces.

Inventory:

Hand Weapons
 a - a +1 dagger (weapon)
Missiles
 i - 5 needles of confusion
Armour
 b - a +1 robe (worn)
 h - a +0 pair of boots (worn)
 s - a +0 shield
Wands
 q - a wand of disintegration (12/24)
Scrolls
 e - a scroll of remove curse {unknown}
 m - 2 scrolls of magic mapping {unknown}
 n - 2 scrolls of blinking {unknown}
 o - 2 scrolls of identify {unknown}
 p - a scroll of enchant weapon {unknown}
 u - a scroll of amnesia {unknown}
Potions
 d - 24 potions of blood
 f - a potion of haste {unknown}
 g - 3 potions of mutation {unknown}
 j - a potion of resistance {unknown}
 k - a potion of curing {unknown}
 l - 2 potions of cure mutation {unknown}
 r - a potion of lignification {unknown}
 t - a potion of berserk rage {unknown}
Books
 c - a book of Maledictions

   Spells                             Type                      Level
   a - Corona                         Hexes                        1
   b - Ensorcelled Hibernation        Hexes/Ice                    2
   c - Confuse                        Hexes                        3
   d - Tukima's Dance                 Hexes                        3
   e - Dazzling Spray                 Conjuration/Hexes            3


   Skills:
 + Level 0.1 Fighting
 + Level 1.7 Short Blades
 + Level 2.2 Dodging
 + Level 6.0 Stealth
 + Level 2.3 Spellcasting
 + Level 5.2 Hexes
 + Level 0.6 Ice Magic


You had 4 spell levels left.
You knew the following spells:

 Your Spells              Type           Power        Failure   Level  Hunger
a - Corona                Hex            ###....      2%          1    #......
b - Ensorcelled Hibernat  Hex/Ice        ##....       10%         2    ##.....


Dungeon Overview and Level Annotations

Branches:
Dungeon (3/15)

Altars:
Uskayaw


Innate Abilities, Weirdness & Mutations

You do not heal naturally.
You are immune to poison.
You have razor-sharp teeth.
You have supernaturally acute eyesight. (SInv)
You can survive without breathing.


Message History

The orc is heavily wounded.
The orc hits you with a club.
* * * LOW HITPOINT WARNING * * *
You hit the orc but do no damage.
The orc is heavily wounded.
The orc hits you with a club.
* * * LOW HITPOINT WARNING * * *
One of your 25 potions of blood rots away.
You closely miss the orc.
The orc is heavily wounded.
The orc barely misses you.
You hit the orc but do no damage.
The orc is heavily wounded.
The orc misses you.
You hit the orc but do no damage.
The orc is heavily wounded.
You hit the orc but do no damage.
The orc is heavily wounded.
The orc hits you with a club.
You die...

#.#....................#...# #...
#.#.##############.#.#.#...###.##
#.#..................#.#.........
#(#.################.#.#..####.#.
#.#%##...........###...#..###..#.
..#.##..[.8....................#.
###.##...8.8..##.#####.#..###(.#.
....##..8._.8..........#..# #..#.
....##...8.8..##@.....##..# #..#.
..........8....o#####.##..# #..#.
....##........#)###.......# #.[#.
....##..............#.##..# #..##
....####.#)#....#####.##..# #..#
###...(.[.............###.# #..#
######.#.#.########## #.###..#
##.#.#.# #......# #....#.#
#####.##


You could see an orc.

Vanquished Creatures
  An adder (D:3)
  An ooze (D:3)
  An adder zombie (D:3)
  2 worms
  A dart slug (D:1)
  2 leopard geckos
  3 orcs
  4 giant cockroaches (D:1)
  4 goblins
  6 hobgoblins
  2 jackals (D:1)
  A quokka (D:2)
  4 bats
  4 frilled lizards
  2 kobolds
  9 rats
47 creatures vanquished.

Notes
Turn   | Place    | Note
-------+----------+-------------------------------------------
     0 | D:1      | dohliylev the Vampire Enchanter began the quest for the Orb.
     0 | D:1      | Reached XP level 1. HP: 13/13 MP: 3/3
   133 | D:1      | Reached XP level 2. HP: 7/19 MP: 5/5
   137 | D:1      | Learned a level 2 spell: Ensorcelled Hibernation
   580 | D:1      | Reached skill level 5 in Stealth
   882 | D:1      | Reached XP level 3. HP: 20/24 MP: 6/6
  1032 | D:2      | Found a faded altar of an unknown god.
  1151 | D:2      | Found a hide-covered altar of Uskayaw.
  1961 | D:3      | Reached skill level 5 in Hexes
  2114 | D:2      | Reached XP level 4. HP: 23/30 MP: 1/7
  2284 | D:3      | Reached skill level 6 in Stealth
  2302 | D:2      | Slain by an orc

Skill      XL: |  1  2  3  4 |
---------------+-------------+-----
Stealth        | 5 6 |  6.0
Hexes          | 5 |  5.2
Fighting       | |  0.1
Short Blades   | |  1.7
Dodging        | |  2.2
Spellcasting   | |  2.3
Ice Magic      | |  0.6

Action                   |  1- 3 |  4- 6 || total
-------------------------+-------+-------++-------
Melee: Dagger            |   122 |    23 ||   145
       Bite              |     6 |       ||     6
 Cast: Ensorcelled Hiber |    24 |     4 ||    28
       Corona            |       |     1 ||     1
 Stab: Sleeping          |    25 |       ||    25
       Distracted        |     1 |       ||     1
  Eat: Corpse            |     1 |       ||     1
Armor: Robe              |    21 |     6 ||    27
Dodge: Dodged            |    62 |    12 ||    74
